 Seeded DCSS version 0.29.1-13-g9f3cf754e1 (webtiles) character file.

Game seed: 1 (custom seed)

16121 sanboga the Tortoise (level 12, -3/108 HPs)
             Began as a Minotaur Berserker on Jan 20, 2023.
             Was a High Priest of Trog.
             Slain by a deep troll simulacrum (6 damage)
             ... on level 14 of the Dungeon.
             The game lasted 00:11:00 (11160 turns).

sanboga the Tortoise (Minotaur Berserker)          Turns: 11160, Time: 00:11:00

Health: -3/108     AC: 32    Str: 26    XL:     12   Next: 7%
Magic:  11/11      EV: 10    Int:  4    God:    Trog [*****.]
Gold:   313        SH:  5    Dex: 11    Spells: 11/11 levels left

rFire   . . .      SeeInvis .   d - +1 battleaxe
rCold   + . .      Faith    .   (shield currently unavailable)
rNeg    + . .      Spirit   .   e - +18 Lear's hauberk
rPois   .          Reflect  +   (helmet currently unavailable)
rElec   .          Harm     .   (no cloak)
rCorr   .          Rampage  .   (gloves currently unavailable)
Will    .....                   (boots currently unavailable)
Stlth   ..........              B - amulet of reflection
HPRegen 0.28/turn               h - ring of positive energy
MPRegen 0.12/turn               s - ring of protection from cold

@: on berserk cooldown, slowed, very slow
A: horns 2, retaliatory headbutt
a: Renounce Religion, Berserk, Trog's Hand, Brothers in Arms


You were on level 14 of the Dungeon.
You worshipped Trog.
Trog was extremely pleased with you.
You visited 2 branches of the dungeon, and saw 13 of its levels.

You collected 703 gold pieces.
You spent 390 gold pieces at shops.

Inventory:

Hand Weapons
 d - a +1 battleaxe (weapon)
Armour
 e - the +18 Lear's hauberk (worn)
   (You acquired it on level 1 of the Dungeon)
 k - a +2 pair of boots
Jewellery
 a - a ring of protection from cold
 h - a ring of positive energy (left hand)
 s - a ring of protection from cold (right hand)
 B - an amulet of reflection (around neck)
Wands
 m - a wand of paralysis (19)
 n - a wand of polymorph (7)
 q - a wand of flame (38)
 r - a wand of mindburst (16)
 A - a wand of roots (6)
Scrolls
 g - 2 scrolls of teleportation
 i - 3 scrolls of fog
 l - 2 scrolls of fear
 u - a scroll of enchant weapon
Potions
 b - 3 potions of flight
 c - 2 potions of haste
 f - 2 potions of ambrosia
 j - 4 potions of berserk rage
 o - a potion of invisibility {unknown}
 t - 2 potions of cancellation
 w - a potion of might


   Skills:
 + Level 10.7 Fighting
 * Level 14.4 Axes
 + Level 17.0 Armour
 - Level 2.4 Dodging


You had 11 spell levels left.
You didn't know any spells.
Your spell library was empty.

Dungeon Overview and Level Annotations

Branches:
Dungeon (11/15)            Temple (0/1) D:7            Lair (1/5) D:10
    Orc: D:9-12

Altars:
Elyvilon
Hepliaklqana
Uskayaw

Shops:
D:3 (   D:8 ?(==   D:10 :

Portals:
Ice
Cave: D:14


Innate Abilities, Weirdness & Mutations

You have a pair of horns on your head.
You reflexively headbutt those who attack you in melee.


Message History

You block the deep troll simulacrum's attack.
The deep troll simulacrum claws you but does no damage. x2
The spriggan defender simulacrum hits you but does no damage.
The deep troll simulacrum completely misses you.
You furiously retaliate!
You headbutt the deep troll simulacrum, but do no damage.
The deep troll simulacrum claws you. The deep troll simulacrum freezes you!
You resist.
* * * LOW HITPOINT WARNING * * *
The deep troll simulacrum misses you.
You slice the spriggan defender simulacrum!!
The spriggan defender simulacrum is heavily damaged.
You hit the deep troll simulacrum.
The spriggan defender simulacrum hits you!
* * * LOW HITPOINT WARNING * * *
The spriggan defender simulacrum freezes you!
You resist.
* * * LOW HITPOINT WARNING * * *
The spriggan defender simulacrum hits you but does no damage.
The deep troll simulacrum bites you but does no damage.
You block the deep troll simulacrum's attack.
The deep troll simulacrum claws you but does no damage.
You slice the spriggan defender simulacrum!!
The spriggan defender simulacrum vaporises!
Trog accepts your kill.
You barely miss the deep troll simulacrum.
The deep troll simulacrum completely misses you.
You furiously retaliate!
You headbutt the deep troll simulacrum, but do no damage.
The deep troll simulacrum claws you but does no damage. x2
The deep troll simulacrum misses you.
You block the deep troll simulacrum's attack.
The deep troll simulacrum claws you but does no damage.
You slice the deep troll simulacrum!!
The deep troll simulacrum is severely damaged.
You hit the deep troll simulacrum but do no damage.
The deep troll simulacrum bites you but does no damage.
The deep troll simulacrum claws you but does no damage.
The deep troll simulacrum claws you.
You die...

..........#.#..# .#
...........##..# .#
.............#.# .#
.....)....)....###.###
.###...#..#...##.....#
.#.....#.##.####....<#
.#.###.#.#.......>...#
.....#.#...#####.....#
####.#.#.#. #@....#
.....#...##....ZZ....#
##.########.....Z##.##
...# ##..∩... .# .###
#.....# # .# #......
'####### ######.
........ # ........


You could see a minotaur simulacrum and 2 deep troll simulacra.

Vanquished Creatures
  Erolcha (D:10)
  A two-headed ogre (D:9)
  3 spriggan simulacra (D:14)
  5 ugly things
  2 black mambas (Lair:1)
  Maggie (D:6)
  An efreet (D:14)
  2 trolls (D:10)
  Prince Ribbit (D:9)
  2 shadows
  A vampire (D:10)
  17 yaks
  A wyvern (D:7)
  Eustachio (D:5)
  2 minotaur simulacra (D:14)
  2 steam dragons
  Menkaure (D:5)
  Edmund (D:6)
  An acid dragon (D:10)
  4 water moccasins
  4 orc warriors
  An ice beast (D:8)
  5 sky beasts
  2 black bears (D:6)
  4 centaurs
  An ogre (D:6)
  A wolf (D:10)
  2 phantoms (D:6)
  3 kobold brigands
  3 necrophages
  A bullfrog (D:7)
  A gnoll sergeant (D:7)
  5 scorpions
  21 wights
  3 killer bees (D:10)
  An electric eel (D:10)
  A howler monkey (D:5)
  2 jellies (D:6)
  5 hounds
  7 orc priests
  A gnoll bouda (D:7)
  6 iguanas
  4 orc wizards
  Robin (D:3)
  15 gnolls
  13 adders
  3 shadow imps
  2 white imps (D:7)
  An ufetubus (D:5)
  3 worms
  35 orcs
  11 endoplasms
  A giant cockroach (D:1)
  16 goblins
  9 hobgoblins
  A jackal (D:4)
  24 kobolds
  A quokka (D:1)
  5 ball pythons
  4 bats
  3 frilled lizards
  6 rats
288 creatures vanquished.

Vanquished Creatures (collateral kills)
  A wyvern (D:9)
1 creature vanquished.

Vanquished Creatures (others)
  A quokka (D:7)
  2 fungi (Lair:1)
  4 plants (Lair:1)
7 creatures vanquished.

Grand Total: 296 creatures vanquished

Notes
Turn   | Place    | Note
-------+----------+-------------------------------------------
     0 | D:1      | sanboga the Minotaur Berserker began the quest for the Orb.
     0 | D:1      | Reached XP level 1. HP: 19/19 MP: 0/0
   113 | D:1      | Identified a scroll of acquirement
   113 | D:1      | Acquired the +18 Lear's hauberk
   113 | D:1      | Found the +18 Lear's hauberk
   287 | D:1      | Reached XP level 2. HP: 12/27 MP: 1/1
   951 | D:2      | Reached skill level 3 in Armour
   966 | D:2      | Reached XP level 3. HP: 33/33 MP: 2/2
  1026 | D:2      | Reached XP level 4. HP: 40/40 MP: 3/3
  1253 | D:2      | Reached ** piety under Trog
  1509 | D:2      | Reached skill level 5 in Axes
  1607 | D:3      | Found Umat's Antique Weapon Boutique.
  1854 | D:3      | Reached XP level 5. HP: 47/47 MP: 4/4
  1899 | D:3      | Noticed Robin
  1914 | D:3      | Killed Robin
  2154 | D:4      | Reached skill level 14 in Armour
  2154 | D:4      | Reached XP level 6. HP: 53/53 MP: 5/5
  2411 | D:4      | Reached skill level 5 in Fighting
  2588 | D:4      | Reached XP level 7. HP: 61/61 MP: 6/6
  2742 | D:4      | Reached *** piety under Trog
  2860 | D:4      | Found a hazy altar of Hepliaklqana.
  3072 | D:5      | Entered Level 5 of the Dungeon
  3157 | D:5      | Noticed Menkaure
  3167 | D:5      | Killed Menkaure
  3462 | D:5      | Reached XP level 8. HP: 70/70 MP: 7/7
  3476 | D:5      | Noticed Eustachio
  3512 | D:5      | Killed Eustachio
  4348 | D:6      | Noticed Edmund
  4364 | D:6      | Killed Edmund
  4365 | D:6      | Reached skill level 15 in Armour
  4623 | D:6      | Reached XP level 9. HP: 29/78 MP: 8/8
  5467 | D:6      | Reached **** piety under Trog
  5842 | D:6      | Noticed Maggie
  5852 | D:6      | Killed Maggie
  6147 | D:7      | Found a hide-covered altar of Uskayaw.
  6149 | D:7      | Found a staircase to the Ecumenical Temple.
  6174 | D:7      | Reached skill level 10 in Axes
  6216 | D:7      | Reached XP level 10. HP: 80/86 MP: 9/9
  6249 | D:7      | Found a white marble altar of Elyvilon.
  7115 | D:8      | Found Esumer's Weapon Shop.
  7444 | D:8      | Found Heidghoki's Jewellery Shop.
  7450 | D:8      | Bought an amulet of reflection for 390 gold pieces
  7472 | D:8      | Found Zoxtaeshakh's Jewellery Boutique.
  7741 | D:8      | Found Quzidd's Magic Scroll Emporium.
  7981 | D:9      | Reached ***** piety under Trog
  8250 | D:9      | Noticed Prince Ribbit
  8263 | D:9      | Killed Prince Ribbit
  8462 | D:9      | Paralysed by a wight for 2 turns
  8585 | D:9      | Noticed a two-headed ogre
  8593 | D:9      | Killed a two-headed ogre
  8602 | D:9      | Reached skill level 16 in Armour
  8874 | D:10     | Entered Level 10 of the Dungeon
  8977 | D:10     | Found Juagoaq's Book Shoppe.
  9056 | D:10     | Identified the +5 long sword of the Land of Plenty {drain,
                  | Dex+3}
  9063 | D:10     | Noticed Erolcha
  9072 | D:10     | Killed Erolcha
  9072 | D:10     | Received a gift from Trog
  9073 | D:10     | Reached XP level 11. HP: 88/97 MP: 10/10
  9134 | D:10     | Found a staircase to the Lair.
 10459 | Lair:1   | Entered Level 1 of the Lair of Beasts
 10472 | Lair:1   | HP: 4/99 [black mamba (1)]
 10473 | Lair:1   | HP: 1/99 [poisoned by a black mamba]
 10855 | D:11     | Noticed a green ugly thing
 10864 | D:11     | Killed a green ugly thing
 10931 | D:11     | Reached skill level 10 in Fighting
 11008 | D:11     | You fall into a shaft and drop 3 floors!
 11044 | D:14     | Noticed a green ugly thing
 11044 | D:14     | Noticed a green ugly thing
 11044 | D:14     | Noticed a green ugly thing
 11045 | D:14     | Noticed a green ugly thing
 11052 | D:14     | Killed a green ugly thing
 11054 | D:14     | Killed a green ugly thing
 11055 | D:14     | Killed a green ugly thing
 11060 | D:14     | Killed a green ugly thing
 11149 | D:14     | Reached skill level 17 in Armour
 11149 | D:14     | Reached XP level 12. HP: 84/108 MP: 11/11
 11155 | D:14     | Found a frozen archway.
 11158 | D:14     | HP: 2/108 [spriggan defender simulacrum (16)]
 11160 | D:14     | Slain by a deep troll simulacrum

Illustrated notes

Levels and vault maps discovered:
D:1:      dpeg_arrival_three_smaller_balls, layout_basic
D:2:      layout_loops_ring
D:3:      layout_basic, serial_shops, nicolae_shop_stone, st_stairs_9,
          minmay_misc_feat_doors, eino_curves_03, uniq_robin
D:4:      minmay_wonky_spiral, layout_basic,
          mainiacjoe_overflow_surrounded_room, minivault_5
D:5:      layout_cave_pods, uniq_menkaure, uniq_eustachio
D:6:      cheibrodos_barr_body, layout_basic, minmay_crystal_room,
          minmay_pentangle, uniq_maggie, uniq_edmund
D:7:      layout_cave_pools, nicolae_uskayaw_murder_on_the_dancefloor,
          elyvilon_altar_4, minmay_temple_entry_purple_smoke
D:8:      layout_basic, serial_shops, shop_statue, kennysheep_little_box, shop,
          nicolae_shop_window_shopping
D:9:      layout_cave_pools, uniq_prince_ribbit1
D:10:     layout_stronghold, erik_lair_island, serial_shops,
          nicolae_shop_statue_plus, uniq_erolcha
D:11:     layout_roguey
D:14:     layout_roguey, minmay_misc_feat_secret_circle, gammafunk_ghost_split,
          portal_ice_cave_entry_ice_simulacra, uniq_snorg
Lair:1:   layout_long_grid, fungi_pond_lemuel, cheibrodos_lair_reptile_den

Skill      XL: |  1  2  3  4  5  6  7  8  9 10 11 |
---------------+----------------------------------+-----
Axes           | 4 5 6 7 8 10 12 14 | 14.4
Fighting       | 4 5 6 7 9 10 | 10.7
Armour         | 3 14 15 16 17 | 17.0
Dodging        | |  2.4

Action                   |  1- 3 |  4- 6 |  7- 9 | 10-12 || total
-------------------------+-------+-------+-------+-------++-------
Melee: Hand axe          |    59 |   101 |   209 |       ||   369
       Headbutt          |     7 |    17 |    61 |    80 ||   165
       Punch             |       |     2 |     5 |     2 ||     9
       War axe           |       |       |   147 |   101 ||   248
       Battleaxe         |       |       |       |   268 ||   268
Invok: Berserk           |     1 |     2 |     4 |     4 ||    11
Evoke: Wand              |       |       |     1 |       ||     1
  Use: Scroll            |     1 |     7 |     5 |    12 ||    25
       Potion            |       |     1 |       |     2 ||     3
 Stab: Distracted        |       |     1 |       |       ||     1
Armor: Chain mail        |    34 |    58 |   271 |   245 ||   608
Dodge: Dodged            |    38 |    52 |   207 |   193 ||   490
Block: Other             |       |       |       |    48 ||    48
       Reflection        |       |       |       |     1 ||     1
